 Dungeon Crawl Stone Soup version 0.28.0 (webtiles) character file.

Game seed: 10436220066964395492

147 Ablot the Grasshopper (level 5, -2/43 HPs)
             Began as a Gnoll Warper on Feb 16, 2022.
             Slain by an orc (6 damage)
             ... on level 3 of the Dungeon.
             The game lasted 00:05:34 (2895 turns).

Ablot the Grasshopper (Gnoll Warper)                Turns: 2895, Time: 00:05:35

Health: -2/43      AC:  3    Str: 13    XL:     5   Next: 29%
Magic:  12/12      EV: 12    Int: 12    God:
Gold:   55         SH:  0    Dex: 11    Spells: 12/14 levels left

rFire   . . .      SeeInvis .   o - +0 whip (drain)
rCold   . . .      Faith    .   (no shield)
rNeg    . . .      Spirit   .   b - +0 leather armour
rPois   .          Reflect  .   (no helmet)
rElec   .          Harm     .   (no cloak)
rCorr   .          Rampage  .   (no gloves)
Will    .....                   (no boots)
Stlth   +.........              (no amulet)
HPRegen 0.14/turn               s - ring of flight
MPRegen 0.13/turn               (no ring)

@: flying
A: fangs 1, strong nose, distributed training
a: no special abilities


You were on level 3 of the Dungeon.
You visited 1 branch of the dungeon, and saw 3 of its levels.

You collected 55 gold pieces.

Inventory:

Hand Weapons
 a - a +0 spear
 g - a +0 whip of venom
 o - a +0 whip of draining (weapon)
Missiles
 d - 5 boomerangs of dispersal (quivered)
 f - 43 bolts
 h - 2 poisoned darts
 j - 84 stones
Armour
 b - a +0 leather armour (worn)
Jewellery
 q - an amulet of faith
 s - a ring of flight (left hand)
Scrolls
 c - a scroll of blinking
 m - a scroll of amnesia {unknown}
 p - a scroll of fog {unknown}
 r - a scroll of identify {unknown}
 t - a scroll of enchant weapon {unknown}
Potions
 e - 2 potions of brilliance {unknown}
 i - a potion of berserk rage {unknown}
 k - a potion of experience {unknown}
 l - 2 potions of magic {unknown}
 n - 2 potions of degeneration {unknown}


   Skills:
 + Level 4.7 Fighting
 + Level 1.4 Short Blades
 + Level 1.4 Long Blades
 + Level 1.4 Axes
 + Level 1.4 Maces & Flails
 + Level 4.7 Polearms
 + Level 1.4 Staves
 + Level 1.4 Slings
 + Level 1.4 Bows
 + Level 1.4 Crossbows
 + Level 2.9 Throwing
 + Level 2.9 Armour
 + Level 4.7 Dodging
 + Level 1.4 Stealth
 + Level 1.4 Shields
 + Level 1.4 Unarmed Combat
 + Level 5.2 Spellcasting
 + Level 1.1 Conjurations
 + Level 1.1 Hexes
 + Level 1.1 Summonings
 + Level 1.1 Necromancy
 + Level 5.5 Translocations
 + Level 1.1 Transmutations
 + Level 1.1 Fire Magic
 + Level 1.1 Ice Magic
 + Level 1.1 Air Magic
 + Level 1.1 Earth Magic
 + Level 1.1 Poison Magic
 + Level 1.6 Invocations
 + Level 1.4 Evocations


You had 12 spell levels left.
You knew the following spells:

 Your Spells              Type           Power      Damage    Failure   Level
a - Blink                 Tloc           32%        N/A       3%          2

Your spell library contained the following spells:

 Spells                   Type           Power      Damage    Failure   Level
 Apportation              Tloc           32%        N/A       2%          1
 Gell's Gravitas          Tloc           16%        N/A       8%          3
 Lesser Beckoning         Tloc           16%        N/A       8%          3
 Teleport Other           Tloc           16%        N/A       8%          3
 Beastly Appendage        Tmut           10%        N/A       16%         1
 Magic Dart               Conj           20%        1d4       16%         1
 Searing Ray              Conj           10%        2d4       24%         2
 Wereblood                Tmut           5%         N/A       24%         2
 Spider Form              Tmut/Pois      5%         N/A       43%         3
 Manifold Assault         Tloc           16%        N/A       56%         5
 Fulminant Prism          Conj/Hex       2%         3d6       83%         4
 Alistair's Intoxication  Tmut/Pois      3%         N/A       99%         5


Dungeon Overview and Level Annotations

Branches:
Dungeon (3/15)

Altars:

Shops:
D:1 (

Annotations:
D:3 Terence


Innate Abilities, Weirdness & Mutations

You have very sharp teeth.
Your uncanny sense of smell can sniff out nearby items.
Your experience applies equally to all skills.


Message History

You hit the goblin.
The goblin is severely wounded.
Robin closely misses you. The goblin hits you with a +0 dagger.
* * * LOW HITPOINT WARNING * * *
Unknown command.
You hit the goblin.
You kill the goblin!
Robin closely misses you.
Unknown command.
You hit Robin but do no damage. You drain Robin.
You bite Robin, but do no damage.
Robin is moderately wounded.
Robin completely misses you.
You hit Robin.
Robin is heavily wounded.
Robin hits you with a +0 falchion of holy wrath.
* * * LOW HITPOINT WARNING * * *
You hit Robin. You drain Robin. Your punch misses Robin.
Robin is severely wounded.
Robin hits you with a +0 falchion of holy wrath.
* * * LOW HITPOINT WARNING * * *
You barely miss Robin.
Robin is severely wounded.
The goblin no longer looks unusually strong.
Robin roars a battlecry!
The goblin goes into a battle-frenzy!
Robin hits you with a +0 falchion of holy wrath.
* * * LOW HITPOINT WARNING * * *
You hear a shout! x3
You hit Robin but do no damage. You drain Robin.
You bite Robin, but do no damage.
Robin is severely wounded.
Robin misses you.
You hit Robin. You drain Robin.
You kill Robin!
Unknown command.
You hit the orc.
The orc is heavily wounded.
The orc hits you with a +2 mace of draining.
You die...

############ #..........# #
##..........#############..
.
...............)@og........
.
##..).......#######o#####..
o #..........# #.# #
##..........# #g#
.....########


ggg ### ...#.# ∆ .ggo. #.. ##.#.# .g..... #.. #<#.# ..g...... ##.. #.#.###
........... #... You could see 2 orcs and a goblin (strong).

Vanquished Creatures
  Jessica (D:3)
  Robin (D:3)
  4 adders
  A worm (D:2)
  4 orcs
  12 endoplasms
  4 giant cockroaches
  10 goblins
  2 hobgoblins
  2 quokkas (D:1)
  3 ball pythons
  5 bats
  4 frilled lizards
  7 kobolds
  6 rats
66 creatures vanquished.

Notes
Turn   | Place    | Note
-------+----------+-------------------------------------------
     0 | D:1      | Ablot the Gnoll Warper began the quest for the Orb.
     0 | D:1      | Reached XP level 1. HP: 20/20 MP: 6/6
   124 | D:1      | Reached XP level 2. HP: 5/26 MP: 7/7
   127 | D:1      | Learned a level 2 spell: Blink
   500 | D:1      | Found a faded altar of an unknown god.
   801 | D:1      | Reached XP level 3. HP: 29/31 MP: 9/9
   831 | D:1      | Reached skill level 5 in Spellcasting
   932 | D:1      | Found Piantaorr's Weapon Emporium.
  1175 | D:2      | Reached skill level 1 in Invocations
  1577 | D:2      | Reached skill level 1 in Short Blades
  1577 | D:2      | Reached skill level 1 in Long Blades
  1577 | D:2      | Reached skill level 1 in Axes
  1577 | D:2      | Reached skill level 1 in Maces & Flails
  1577 | D:2      | Reached skill level 1 in Staves
  1577 | D:2      | Reached skill level 1 in Slings
  1577 | D:2      | Reached skill level 1 in Bows
  1577 | D:2      | Reached skill level 1 in Crossbows
  1577 | D:2      | Reached skill level 1 in Stealth
  1577 | D:2      | Reached skill level 1 in Shields
  1577 | D:2      | Reached skill level 1 in Unarmed Combat
  1577 | D:2      | Reached skill level 1 in Evocations
  1581 | D:2      | Reached XP level 4. HP: 12/38 MP: 11/11
  2318 | D:3      | Reached skill level 1 in Conjurations
  2318 | D:3      | Reached skill level 1 in Hexes
  2318 | D:3      | Reached skill level 1 in Summonings
  2318 | D:3      | Reached skill level 1 in Necromancy
  2318 | D:3      | Reached skill level 1 in Transmutations
  2318 | D:3      | Reached skill level 1 in Fire Magic
  2318 | D:3      | Reached skill level 1 in Ice Magic
  2318 | D:3      | Reached skill level 1 in Air Magic
  2318 | D:3      | Reached skill level 1 in Earth Magic
  2318 | D:3      | Reached skill level 1 in Poison Magic
  2384 | D:3      | Noticed Terence
  2694 | D:3      | Noticed Jessica
  2704 | D:3      | Killed Jessica
  2705 | D:3      | Reached XP level 5. HP: 29/43 MP: 12/12
  2851 | D:3      | Noticed Robin
  2894 | D:3      | Killed Robin
  2895 | D:3      | Slain by an orc

Illustrated notes

Levels and vault maps discovered:
D:1:      minmay_arrival_checkered_box, layout_loops_ring,
          dreamdust_ecumenical_altar_statues, serial_shops, shop
D:2:      layout_rooms
D:3:      layout_basic, nicolae_overflow_ecumenical_swirl, uniq_jessica,
          uniq_terence, uniq_robin

Skill      XL: |  1  2  3  4 |
---------------+-------------+-----
Spellcasting   | 5 |  5.2
Invocations    | 1 |  1.6
Short Blades   | 1 |  1.4
Long Blades    | 1 |  1.4
Axes           | 1 |  1.4
Maces & Flails | 1 |  1.4
Staves         | 1 |  1.4
Slings         | 1 |  1.4
Bows           | 1 |  1.4
Crossbows      | 1 |  1.4
Stealth        | 1 |  1.4
Shields        | 1 |  1.4
Unarmed Combat | 1 |  1.4
Evocations     | 1 |  1.4
Conjurations   | 1 |  1.1
Hexes          | 1 |  1.1
Summonings     | 1 |  1.1
Necromancy     | 1 |  1.1
Transmutations | 1 |  1.1
Fire Magic     | 1 |  1.1
Ice Magic      | 1 |  1.1
Air Magic      | 1 |  1.1
Earth Magic    | 1 |  1.1
Poison Magic   | 1 |  1.1
Fighting       | |  4.7
Polearms       | |  4.7
Throwing       | |  2.9
Armour         | |  2.9
Dodging        | |  4.7
Translocations | |  5.5

Action                   |  1- 3 |  4- 6 || total
-------------------------+-------+-------++-------
Melee: Spear             |    48 |       ||    48
       Bite              |    16 |     9 ||    25
       Whip              |    86 |   108 ||   194
       Punch             |     4 |     4 ||     8
Armor: Leather armour    |    36 |    25 ||    61
Dodge: Dodged            |    93 |    51 ||   144
